 Dungeon Crawl Stone Soup version 0.21.1-1-g345015f (webtiles) character file.

116 letownia2 the Magician (level 5, 31/37 HPs)
             Began as a Gnoll Wizard on Feb 26, 2018.
             Quit the game on level 3 of the Dungeon.
             The game lasted 00:05:10 (727 turns).

letownia2 the Magician (Gnoll Wizard)                Turns: 727, Time: 00:05:11

Health: 31/37      AC:  6    Str: 10    XL:     5   Next: 0%
Magic:  1/14       EV: 12    Int: 20    God:
Gold:   51         SH:  0    Dex: 14    Spells: 7/18 levels left

rFire    . . .     SeeInvis .   h - +0 spear
rCold    . . .     Gourm    .   (no shield)
rNeg     . . .     Faith    .   f - +0 ring mail
rPois    .         Spirit   .   l - +0 helmet
rElec    .         Reflect  .   (no cloak)
rCorr    +         Harm     .   (no gloves)
MR       .....                  (no boots)
Stlth    +++.......             (no amulet)
HPRegen  0.12/turn              e - ring of stealth
MPRegen  0.14/turn              r - ring of resist corrosion

@: no status effects
A: distributed training, fangs 1, strong nose
a: no special abilities


You were on level 3 of the Dungeon.
You were not hungry.

You visited 1 branch of the dungeon, and saw 3 of its levels.

You collected 51 gold pieces.

Inventory:

Hand Weapons
 h - a +0 spear (weapon)
 q - a +0 trident
Missiles
 k - 35 stones (quivered)
Armour
 a - a +0 robe
 b - a +0 hat
 f - a +0 ring mail (worn)
 i - a +0 leather armour
 l - a +0 helmet (worn)
Jewellery
 e - a ring of stealth (left hand)
 r - a ring of resist corrosion (right hand)
Scrolls
 j - a scroll of blinking {unknown}
 s - a scroll of enchant armour {unknown}
Potions
 g - a potion of berserk rage {unknown}
 m - a potion of heal wounds {unknown}
 n - a potion of magic {unknown}
 p - a potion of mutation {unknown}
 t - a potion of curing {unknown}
Books
 c - a book of Minor Magic

   Spells                             Type                      Level
   a - Magic Dart                     Conjuration                  1
   b - Blink                          Translocation                2
   c - Call Imp                       Summoning                    2
   d - Slow                           Hexes                        2
   e - Conjure Flame                  Conjuration/Fire             3
   f - Mephitic Cloud                 Conjuration/Poison/Air       3
Comestibles
 d - 8 rations
 o - 5 chunks of flesh


   Skills:
 + Level 1.2 Fighting
 + Level 1.2 Short Blades
 + Level 1.2 Long Blades
 + Level 1.2 Axes
 + Level 1.2 Maces & Flails
 + Level 1.2 Polearms
 + Level 1.2 Staves
 + Level 1.2 Slings
 + Level 1.2 Bows
 + Level 1.2 Crossbows
 + Level 1.2 Throwing
 + Level 1.2 Armour
 + Level 4.7 Dodging
 + Level 4.3 Stealth
 + Level 1.2 Shields
 + Level 1.2 Unarmed Combat
 + Level 7.2 Spellcasting
 + Level 2.3 Conjurations
 + Level 1.0 Hexes
 + Level 1.0 Charms
 + Level 2.3 Summonings
 + Level 1.0 Necromancy
 + Level 2.3 Translocations
 + Level 1.0 Transmutations
 + Level 1.0 Fire Magic
 + Level 1.0 Ice Magic
 + Level 1.0 Air Magic
 + Level 1.0 Earth Magic
 + Level 1.0 Poison Magic
 + Level 1.4 Invocations
 + Level 1.2 Evocations


You had 7 spell levels left.
You knew the following spells:

 Your Spells              Type           Power        Failure   Level  Hunger
a - Magic Dart            Conj           ###.         9%          1    None
b - Blink                 Tloc           N/A          14%         2    None
e - Mephitic Cloud        Conj/Pois/Air  ##......     36%         3    #......
i - Call Imp              Summ           ###.....     14%         2    None
v - Conjure Flame         Conj/Fire      ##......     34%         3    #......


Dungeon Overview and Level Annotations

Branches:
Dungeon (3/15)

Altars:
Gozag


Innate Abilities, Weirdness & Mutations

Your experience applies equally to all skills.
You have very sharp teeth.
Your uncanny sense of smell can sniff out nearby items.


Message History

Aiming: Magic Dart
Press: ? - help, Shift-Dir - straight line, f - jackal
Aim: a jackal The magic dart hits the jackal.
The jackal is moderately wounded.
You closely miss the jackal.
The jackal is moderately wounded.
The jackal barely misses you. The jackal misses you.
You hit the jackal.
You kill the jackal!
You have reached level 5!
No target in view!
No target in view!
Unknown command. (m)acro, (M)acro raw, keymap [(k) default, (x) level-map, (t)argeting, (c)onfirm, m(e)nu], (s)ave?
Aborting.
Unknown command.
Welcome back, letownia2 the Gnoll Wizard.
Press ? for a list of commands and other information.
Are you sure you want to abandon this character and quit the game? (Confirm with "yes".)

#... # #..
#.#.. #.#.. ∆
#.#.####
#####......##
+...........#
#.@†...#
#......##
#.......#
#...†.#.#
#.....#.##
#...†.+..#
#.....#..#
#.(.†..#
###+##.#


There were no monsters in sight!

Vanquished Creatures
  An orc wizard (D:3)
  4 adders
  2 dart slugs
  A leopard gecko (D:3)
  4 orcs (D:3)
  2 giant cockroaches
  3 goblins
  4 hobgoblins
  6 jackals
  2 kobolds
  A quokka (D:1)
  7 bats
  3 frilled lizards
  4 rats
44 creatures vanquished.

Notes
Turn   | Place    | Note
-------+----------+-------------------------------------------
     0 | D:1      | letownia2 the Gnoll Wizard began the quest for the Orb.
     0 | D:1      | Reached XP level 1. HP: 13/13 MP: 8/8
    26 | D:1      | Reached XP level 2. HP: 8/19 MP: 0/10
   135 | D:2      | Found an opulent altar of Gozag.
   163 | D:2      | Reached XP level 3. HP: 13/25 MP: 2/11
   232 | D:1      | Learned a level 3 spell: Mephitic Cloud
   236 | D:1      | Learned a level 3 spell: Conjure Flame
   239 | D:1      | Learned a level 2 spell: Blink
   242 | D:1      | Learned a level 2 spell: Call Imp
   296 | D:1      | Reached skill level 1 in Invocations
   513 | D:2      | Reached skill level 1 in Fighting
   513 | D:2      | Reached skill level 1 in Short Blades
   513 | D:2      | Reached skill level 1 in Long Blades
   513 | D:2      | Reached skill level 1 in Axes
   513 | D:2      | Reached skill level 1 in Maces & Flails
   513 | D:2      | Reached skill level 1 in Polearms
   513 | D:2      | Reached skill level 1 in Staves
   513 | D:2      | Reached skill level 1 in Slings
   513 | D:2      | Reached skill level 1 in Bows
   513 | D:2      | Reached skill level 1 in Crossbows
   513 | D:2      | Reached skill level 1 in Throwing
   513 | D:2      | Reached skill level 1 in Armour
   513 | D:2      | Reached skill level 1 in Shields
   513 | D:2      | Reached skill level 1 in Unarmed Combat
   513 | D:2      | Reached skill level 1 in Evocations
   513 | D:2      | Reached XP level 4. HP: 27/32 MP: 7/13
   619 | D:3      | Reached skill level 1 in Hexes
   619 | D:3      | Reached skill level 1 in Charms
   619 | D:3      | Reached skill level 1 in Necromancy
   619 | D:3      | Reached skill level 1 in Transmutations
   619 | D:3      | Reached skill level 1 in Fire Magic
   619 | D:3      | Reached skill level 1 in Ice Magic
   619 | D:3      | Reached skill level 1 in Air Magic
   619 | D:3      | Reached skill level 1 in Earth Magic
   619 | D:3      | Reached skill level 1 in Poison Magic
   726 | D:3      | Reached XP level 5. HP: 30/37 MP: 1/14
   727 | D:3      | Quit the game

Skill      XL: |  1  2  3  4 |
---------------+-------------+-----
Conjurations   | 2 |  2.3
Summonings     | 2 |  2.3
Translocations | 2 |  2.3
Invocations    | 1 |  1.4
Fighting       | 1 |  1.2
Short Blades   | 1 |  1.2
Long Blades    | 1 |  1.2
Axes           | 1 |  1.2
Maces & Flails | 1 |  1.2
Polearms       | 1 |  1.2
Staves         | 1 |  1.2
Slings         | 1 |  1.2
Bows           | 1 |  1.2
Crossbows      | 1 |  1.2
Throwing       | 1 |  1.2
Armour         | 1 |  1.2
Shields        | 1 |  1.2
Unarmed Combat | 1 |  1.2
Evocations     | 1 |  1.2
Hexes          | 1 |  1.0
Charms         | 1 |  1.0
Necromancy     | 1 |  1.0
Transmutations | 1 |  1.0
Fire Magic     | 1 |  1.0
Ice Magic      | 1 |  1.0
Air Magic      | 1 |  1.0
Earth Magic    | 1 |  1.0
Poison Magic   | 1 |  1.0
Dodging        | |  4.7
Stealth        | |  4.3
Spellcasting   | |  7.2

Action                   |  1- 3 |  4- 6 || total
-------------------------+-------+-------++-------
Melee: Unarmed           |    43 |       ||    43
       Bite              |     4 |     1 ||     5
       Spear             |     6 |    17 ||    23
 Cast: Magic Dart        |    53 |    30 ||    83
 Stab: Sleeping          |     1 |     1 ||     2
Armor: Robe              |     2 |       ||     2
       Ring mail         |    33 |    11 ||    44
Dodge: Dodged            |    62 |    14 ||    76
